AoeStats
← Marbas

Arena

507861433Analyzed
1v1 RM · 13d ago on Sep 20, 2026· 26m 8s· 2 players
Game mode
Random Map
Map size
Tiny (2 player)
Population
200
Speed
Normal
Resources
Standard
Victory
Conquest
Starting age
Dark Age
Ending age
Imperial Age
RankedLock teamsTeams togetherTeam positionsShared explorationLock speedFull tech treeHidden civsTurbo modeCheats
Victory
Defeat
🇨🇱 Huns · Chile
1794
+17
🇷🇺 Cumans · Russia
1814
-17
huevito rey IS BACK
11:07 Feudal Age
12:12 Double-Bit Axe
14:51 Castle Age
12:39 Horse Collar
14:25 Loom
21:48 Scale Barding Armor
23:16 Sanctity
23:39 Forging
26:20 Bloodlines
Marbas
8:55 Feudal Age
9:25 Double-Bit Axe
9:21 Horse Collar
19:38 Castle Age
17:35 Loom
18:01 Scale Barding Armor
17:55 Gold Mining
19:09 Forging
19:35 Bloodlines
20:19 Bloodlines
Connection lost

Rejoining the realm…

Still unreachable

The connection could not be restored.

Session expired

The server has moved on; the page needs a fresh start.